 Dungeon Crawl Stone Soup version 0.30.1-9-gdf580d7c3d (webtiles) character file.

Game seed: 5471937313324674039

275 Nonny the Cudgeller (level 6, -7/39 HPs)
             Began as a Gargoyle Cinder Acolyte on Oct 25, 2023.
             Was a High Priest of Ignis.
             Mangled by a killer bee (8 damage)
             ... on level 6 of the Dungeon.
             The game lasted 00:08:47 (2152 turns).

Nonny the Cudgeller (Gargoyle Cinder Acolyte)       Turns: 2152, Time: 00:08:47

Health: -7/39      AC: 10    Str: 19    XL:     6   Next: 25%
Magic:  7/7        EV: 15    Int: 15    God:    Ignis [*****.]
Gold:   91         SH:  0    Dex:  5    Spells: 7/7 levels left

rFire   + + .        a - +0 mace (flame)
rCold   + . .        (no shield)
rNeg    + . .        c - +0 ring mail
rPois   ∞            m - +0 hat
rElec   +            g - scarf {rC+ rF+}
rCorr   .            (no gloves)
SInv    .            (no boots)
Will    .....        (no amulet) Stlth
                     l - +5 ring of evasion
HPRegen 0.26/turn    (no ring)
MPRegen 0.10/turn

%: no passive effects
@: mighty, hasted (expiring), very quick
A: sickness immunity, AC +4, negative energy resistance 1, electricity
resistance, torment resistance 1, petrification resistance
a: Renounce Religion, Fiery Armour, Foxfire Swarm, Rising Flame


You were on level 6 of the Dungeon.
You worshipped Ignis.
Ignis was extremely pleased with you.
You visited 1 branch of the dungeon, and saw 4 of its levels.

You collected 91 gold pieces.

Inventory:

Hand Weapons
 a - a +0 mace of flaming (weapon)
Missiles
 f - 4 curare-tipped darts (quivered)
 k - a throwing net
Armour
 c - a +0 ring mail (worn)
 g - a scarf of resistance (worn)
 m - a +0 hat (worn)
Jewellery
 l - a +5 ring of evasion (left hand)
Scrolls
 d - a scroll of summoning
 i - a scroll of enchant armour
Potions
 b - a potion of haste
 j - 2 potions of might


   Skills:
 + Level 4.7 Fighting
 + Level 5.0 Maces & Flails
 + Level 3.3 Armour
 - Level 1.0 Spellcasting
 - Level 3.0 Fire Magic


You had 7 spell levels left.
You didn't know any spells.
Your spell library contained the following spells:

 Spells                   Type           Power      Damage    Failure   Level
 Scorch                   Fire           18%        2d6       19%         2
 Beastly Appendage        Tmut           0%         N/A       38%         1
 Sting                    Tmut/Pois      0%         1d3       38%         1
 Poisonous Vapours        Pois/Air       0%         N/A       52%         2
 Wereblood                Tmut           0%         N/A       52%         2
 Gell's Gravitas          Tloc           0%         N/A       77%         3
 Spider Form              Tmut/Pois      0%         N/A       77%         3
 Teleport Other           Tloc           0%         N/A       77%         3
 Olgreb's Toxic Radiance  Pois           0%         N/A       99%         4
 Dispersal                Tloc           0%         N/A       100%        6


Dungeon Overview and Level Annotations

Branches:
Dungeon (3/15)

Altars:

Annotations:
D:3 Grinder


Innate Abilities, Weirdness & Mutations

You are immune to sickness and miasma.
Your stone body is resilient. (AC +4)
You are immune to poison.
You resist negative energy. (rN+)
You are resistant to electric shocks. (rElec)
You are resistant to unholy torment.
You are immune to petrification.


Message History

You kill the killer bee!
A killer bee comes into view.
Your Maces & Flails skill increases to level 5!
The killer bee buzzes angrily.
You feel very mighty all of a sudden. The hound closely misses you.
The killer bee stings you.
* * * LOW HITPOINT WARNING * * *
Unknown command.
You closely miss the killer bee. The killer bee stings you.
* * * LOW HITPOINT WARNING * * *
The hound bites you but does no damage.
The killer bee stings you but does no damage.
The hound closely misses you.
Unknown command.
Okay, then.
As you read the scroll labelled XUWAER KUXTYL, it crumbles to dust.
The scroll dissolves into smoke.
It was a scroll of fog.
The killer bee closely misses you. The hound closely misses you.
Unknown command.
As you read the scroll labelled RAGANNOACH, it crumbles to dust.
It is a scroll of enchant weapon.
Your -1 mace of flaming glows red for a moment.
The killer bee closely misses you. The hound barely misses you.
The killer bee barely misses you.
Unknown command.
As you read the scroll labelled LOSYOR WIJIEC, it crumbles to dust.
It is a scroll of amnesia.
You feel forgetful for a moment.
Your extra speed is starting to run out.
The killer bee misses you. The hound barely misses you.
You closely miss the killer bee. The killer bee barely misses you.
The hound bites you.
* * * LOW HITPOINT WARNING * * *
The killer bee closely misses you.
You miss the killer bee. The hound closely misses you.
The killer bee barely misses you.
You sock the killer bee! You burn the killer bee.
The killer bee is heavily wounded.
The killer bee stings you!
You die...

#.##....# ... .
#.......# #.. .
##....### #.# ≈ #...##
#########y# . ##.####
#.......#h# . #.....#
#.#####.#)##. ##.##.#
#.#####.#y...
####.#######.##.....h###
#.§y@hyO.....##.###
#########.......#
#########


You could see a hound and 2 killer bees.

Vanquished Creatures
  A centaur (D:6)
  A killer bee (D:6)
  Natasha (D:3)
  2 iguanas (D:6)
  2 adders (D:3)
  A worm (D:2)
  2 dart slugs
  4 orcs (D:6)
  2 ball pythons
  5 endoplasms
  4 goblins (D:1)
  6 hobgoblins
  3 jackals (D:1)
  2 kobolds
  3 quokkas
  3 bats
  3 frilled lizards
  3 rats
48 creatures vanquished.

Notes
Turn   | Place    | Note
-------+----------+-------------------------------------------
     0 | D:1      | Nonny the Gargoyle Cinder Acolyte began the quest for the
                  | Orb.
     0 | D:1      | Reached XP level 1. HP: 14/14 MP: 2/2
    66 | D:1      | Starting vault: ring with fog
   203 | D:1      | Found a faded altar of an unknown god.
   338 | D:1      | Reached XP level 2. HP: 14/20 MP: 3/3
   889 | D:2      | Reached XP level 3. HP: 24/24 MP: 4/4
   998 | D:2      | Reached skill level 1 in Armour
  1537 | D:3      | Noticed Natasha
  1566 | D:3      | Killed Natasha
  1567 | D:3      | Reached XP level 4. HP: 28/29 MP: 5/5
  1699 | D:3      | Reached skill level 4 in Maces & Flails
  1710 | D:3      | Noticed Grinder
  1710 | D:3      | Paralysed by Grinder for 5 turns
  1738 | D:3      | Paralysed by Grinder for 5 turns
  1797 | D:3      | You fall into a shaft and drop 3 floors!
  1905 | D:6      | Reached XP level 5. HP: 20/34 MP: 6/6
  2087 | D:6      | Noticed a centaur
  2099 | D:6      | Noticed an ogre
  2104 | D:6      | Killed a centaur
  2105 | D:6      | Reached XP level 6. HP: 23/39 MP: 7/7
  2144 | D:6      | Reached skill level 5 in Maces & Flails
  2150 | D:6      | HP: 1/39 [hound (3)]
  2152 | D:6      | Mangled by a killer bee

Illustrated notes

### #####8#####
###....<....###
##.............##
##...............#
#.........[.......
##......####.......
#§.§§.### ###..§§§
#§@§§## ##.§§§
#§§§## ##..§ ##§§§#
#..§ #8.§## ##.§
##..# #.§ #..# #..
#..## ##.. #...#
#... ##..## ##...


Turn 66 on D:1: Starting vault: ring with fog

Levels and vault maps discovered:
D:1:      heliophobic_arrival_dark_side_of_the_moon, layout_basic,
          ebering_ecumenical_altar_mist, minmay_misc_feat_cross
D:2:      layout_loops_ring
D:3:      layout_rooms, minmay_misc_feat_room, uniq_grinder, uniq_natasha
D:6:      layout_loops_cross, hangedman_abyss_or_decor_lesser_grid,
          nicolae_kite_square_tiling_tiny, st_stairs_9, lemuel_flame_loot_1

Skill      XL: |  1  2  3  4  5  6 |
---------------+-------------------+-----
Fighting       | 4 |  4.7
Armour         | 1 2 3 |  3.3
Maces & Flails | 4 5 |  5.0
Spellcasting   | |  1.0
Fire Magic     | |  3.0

Action                     |  1- 3 |  4- 6 || total
---------------------------+-------+-------++-------
  Melee: Mace              |   122 |   108 ||   230
         Punch             |     1 |       ||     1
    Use: Scroll            |     3 |     6 ||     9
         Potion            |     2 |     3 ||     5
 Armour: Ring mail         |    61 |    49 ||   110
  Dodge: Dodged            |    75 |   101 ||   176
